Map: Néo-Gettysburg EC

Players

zidar

  • Race: Zerg Zerg
  • League: Platinum
  • Spawn Location: 7:00

Fox - Winner!

  • Race: Terran Terran
  • League: Platinum
  • Spawn Location: 5:00

VOD

Have the link to the VOD?

Description

Time

  • Played on: Nov. 13, 2016, 2:37 p.m.
  • Length: 25:44
Show
View Real Time Build Order
Export as new Build Order

zidar Zerg 

Build Orders: Hatch First 

Get SALT Encoding   

  12  0:01  Drone  
  13  0:13  Overlord  
  13  0:18  Drone  
  14  0:31  Drone x2  
  16  0:51  Hatchery  
  16  0:57  Extractor, Drone  
  14  1:00  Drone  
  16  1:22  Drone  
  16  1:24  Spawning Pool  
  16  1:26  Drone  
  16  1:30  Drone  
  18  1:35  Drone  
  19  2:11  Queen x2  
  19  2:13  Zergling x2  
  19  2:14  Zergling x4  
  26  2:18  Overlord  
  26  2:24  Metabolic Boost  
  26  2:36  Drone x3  
  29  2:38  Drone  
  29  2:42  Drone  
  31  3:05  Pneumatized Carapace  
  31  3:06  Baneling Nest  
  31  3:08  Zergling x2  
  31  3:09  Zergling x4  
  33  3:15  Drone x3  
  36  3:45  Lair  
  36  3:49  Extractor  
  36  3:51  Drone  
  36  3:53  Overlord  
  36  3:54  Overlord  
  36  4:10  Baneling x4  
  36  4:15  Drone x9  
  45  4:22  Queen  
  45  4:24  Extractor x2  
  45  4:38  Zergling x8  
  42  4:45  Zergling x6  
  48  4:47  Centrifical Hooks  
  48  4:57  Queen  
  50  5:07  Baneling  
  50  5:08  Baneling  
  50  5:09  Baneling  
  50  5:11  Zergling x4  
  50  5:13  Overlord x2  
  50  5:14  Overlord  
  52  5:32  Zergling x16  
  60  5:39  Spore Crawler  
  60  5:40  Spore Crawler  
  60  5:42  Spore Crawler  
  57  5:45  Zergling x4  
  37  6:29  Zergling x2  
  37  6:30  Zergling x18  
  37  6:31  Queen  
  49  6:41  Spire  
  49  6:43  Baneling x6  
  48  6:49  Baneling x5  
  48  6:53  Drone x4  
  52  7:08  Evolution Chamber  
  51  7:18  Drone x6  
  52  7:54  Drone  
  52  7:55  Drone x6  
  59  8:08  Corruptor x2  
  59  8:09  Corruptor x3  
  66  9:22  Hatchery, Infestation Pit  
  64  9:26  Queen  
  64  9:29  Drone x3  
  64  9:30  Drone x2  
  71  9:37  Zerg Melee Weapons Level 1  
  71  9:42  Evolution Chamber, Drone  
  71  9:46  Hatchery  
  70  9:57  Overseer  
  70  9:59  Zergling x2  
  74  10:00  Zergling x8  
  75  10:19  Hive  
  75  10:22  Zerg Ground Armor Level 1  
  75  10:30  Overlord x6  
  75  10:58  Drone  
  75  10:59  Drone x8  
  84  11:11  Zerg Flyer Weapons Level 1  
  84  11:21  Zergling x2  
  84  11:22  Zergling x16  
  93  11:33  Zerg Melee Weapons Level 2  
  93  11:52  Ultralisk Cavern  
  92  11:58  Baneling  
  92  12:03  Baneling x4  
  92  12:04  Baneling x9  
  92  12:06  Zergling x2  
  92  12:07  Zergling x28  
  107  12:10  Adrenal Glands  
  107  12:22  Hatchery  
  107  12:23  Zergling x2  
  107  12:24  Zergling x10  
  112  12:33  Overlord  
  112  12:34  Overlord x4  
  112  12:41  Chitinous Plating  
  111  12:51  Baneling x7  
  111  13:06  Zergling x10  
  111  13:07  Zergling x10  
  121  13:17  Extractor  
  121  13:19  Extractor  
  119  13:20  Drone x8  
  125  14:12  Hatchery, Ultralisk x3  
  125  14:13  Ultralisk x3  
  160  14:33  Drone  
  160  14:37  Overlord x2  
  160  14:38  Overlord  
  161  14:39  Overlord  
  161  14:41  Zerg Ground Armor Level 2  
  161  14:42  Zerg Melee Weapons Level 3  
  161  15:14  Mutalisk x8  
  171  15:55  Spire  
  170  16:00  Drone  
  170  16:01  Drone x2  
  170  16:03  Queen  
  175  16:37  Hatchery  
  164  17:20  Ultralisk  
  164  17:21  Ultralisk x2  
  83  18:11  Zergling x2  
  83  18:12  Zergling x24  
  90  18:13  Ultralisk, Zergling x16  
  90  18:14  Ultralisk x3  
  90  18:15  Corruptor x2  
  110  19:10  Overseer  
  110  19:11  Overseer x2  
  110  19:14  Corruptor  
  110  19:15  Corruptor x2  
  110  19:16  Corruptor  
  118  19:17  Zergling x6  
  118  19:18  Zergling x4  
  79  20:36  Corruptor  
  79  20:37  Corruptor x3  
  79  20:38  Corruptor x3  
  68  21:18  Hatchery  
  67  21:35  Drone x8  
  75  21:57  Zergling x2  
  75  21:58  Zergling x6  
  79  22:37  Zergling x6  
  79  22:38  Zergling x18  
  86  23:34  Ultralisk x2  
  92  23:35  Ultralisk  
  98  23:42  Mutalisk x2  
  83  24:16  Drone x2  
  83  24:17  Drone  
  82  25:06  Drone x4  
Show
View Real Time Build Order
Export as new Build Order

Fox Terran - Winner!

Build Orders: 1/1/1 

Get SALT Encoding   

  12  0:03  SCV  
  13  0:15  SCV  
  13  0:19  Supply Depot  
  14  0:27  SCV  
  15  0:36  Refinery  
  15  0:40  SCV  
  16  0:46  Barracks  
  16  0:53  SCV  
  17  1:05  SCV  
  18  1:14  Refinery  
  18  1:17  SCV  
  19  1:33  Marine  
  19  1:34  Supply Depot  
  19  1:35  Orbital Command  
  20  1:40  Factory  
  20  1:53  Marine  
  21  2:01  SCV  
  22  2:11  Marine  
  22  2:13  SCV  
  24  2:17  Supply Depot  
  24  2:25  SCV  
  24  2:27  Factory Tech Lab, Starport  
  25  2:37  Marine  
  25  2:39  SCV  
  27  2:46  Siege Tank  
  30  2:55  Marine  
  31  3:01  SCV  
  32  3:06  Medivac  
  34  3:13  Marine  
  34  3:18  SCV  
  38  3:31  Marine, Widow Mine  
  39  3:50  Command Center  
  39  3:57  Supply Depot  
  39  3:59  Supply Depot  
  39  4:02  Liberator  
  39  4:09  Bunker x2  
  39  4:19  SCV  
  43  4:50  Bunker  
  43  4:57  Liberator  
  43  5:04  Marine  
  43  5:05  SCV  
  45  5:08  Orbital Command  
  45  5:09  Refinery  
  45  5:12  Supply Depot  
  48  5:27  Siege Tank  
  52  5:29  Engineering Bay  
  52  5:30  Engineering Bay  
  52  5:31  Barracks Reactor  
  51  5:36  SCV x2  
  51  5:37  Barracks  
  46  6:20  Marine x2  
  44  6:35  Engineering Bay  
  44  6:37  Marine  
  44  6:38  Marine, Starport Reactor  
  44  6:39  Barracks Tech Lab, Siege Tank  
  49  6:44  Supply Depot  
  49  6:51  Barracks  
  49  6:53  Barracks  
  49  6:54  Missile Turret  
  49  6:55  Marine  
  49  6:56  Marine  
  49  6:59  SCV x2  
  53  7:07  Supply Depot  
  53  7:13  Marine  
  53  7:14  Marine  
  53  7:15  Missile Turret  
  55  7:21  SCV x2  
  57  7:31  Marine x2  
  57  7:33  SCV  
  57  7:52  SCV x2  
  57  7:53  Marine x2  
  57  7:55  Barracks Tech Lab  
  57  7:56  Barracks Reactor  
  61  7:59  Marine  
  61  8:02  Bunker  
  61  8:04  SCV  
  63  8:06  Liberator x2, Command Center  
  63  8:11  Marine x2, SCV  
  66  8:17  Marauder, SCV  
  69  8:20  Marine  
  69  8:21  Siege Tank  
  69  8:23  SCV  
  80  8:28  Marine  
  80  8:29  Marine  
  80  8:31  Refinery  
  80  8:32  Stimpack  
  82  8:38  Marine x2  
  84  8:46  Marine x2  
  84  8:47  Marine  
  84  8:55  Missile Turret  
  84  8:59  Marine  
  85  9:07  Starport  
  85  9:12  Terran Infantry Armor Level 1, Terran Infantry Weapons Level 1  
  85  9:13  Starport  
  85  9:14  Marauder  
  85  9:16  Missile Turret  
  87  9:37  Supply Depot  
  87  9:38  Bunker  
  87  9:39  Bunker  
  87  9:50  Missile Turret  
  87  9:51  Medivac  
  87  9:52  Medivac  
  91  10:02  Marine  
  91  10:03  Marine x4  
  91  10:04  Marauder  
  98  10:16  Orbital Command  
  98  10:18  Refinery  
  98  10:20  Marine x2  
  100  10:22  Medivac  
  100  10:23  Marine, Medivac  
  105  10:33  Starport Tech Lab x2  
  105  10:37  Armory  
  105  10:55  Marine  
  105  10:56  Marine x4, Marauder  
  112  10:58  Siege Tank  
  115  11:10  Refinery  
  115  11:13  Marine  
  115  11:15  Command Center  
  115  11:16  Missile Turret  
  116  11:19  SCV  
  116  11:24  Supply Depot x2  
  117  11:38  Missile Turret  
  117  11:45  Banshee x2  
  117  11:46  Marauder x2, SCV x3  
  130  11:58  SCV x2  
  131  12:08  SCV  
  132  12:09  Liberator x2  
  132  12:10  SCV  
  133  12:19  Combat Shield  
  133  12:21  Concussive Shells  
  133  12:28  Terran Infantry Weapons Level 2, Terran Ship Weapons Level 1, Terran Infantry Armor Level 2  
  139  12:30  Raven, Banshee  
  139  12:31  Cloaking Field  
  139  12:36  Fusion Core  
  144  13:13  Banshee, Supply Depot x2  
  144  13:17  Planetary Fortress  
  147  13:23  Missile Turret  
  147  13:27  Supply Depot  
  147  13:30  Supply Depot x2  
  147  13:34  Banshee  
  147  13:36  Supply Depot  
  150  13:51  Supply Depot  
  150  13:54  Supply Depot  
  150  13:57  Supply Depot  
  150  14:00  Hyperflight Rotors  
  150  14:17  Command Center  
  140  14:23  Siege Tank  
  143  14:25  Battlecruiser x2  
  143  14:30  Weapon Refit  
  155  14:55  Siege Tank  
  158  15:02  Marine x4  
  158  15:03  Marine x2  
  164  15:09  Supply Depot  
  164  15:10  Supply Depot  
  164  15:20  Marine x4  
  164  15:21  Marine x2  
  170  15:29  Banshee x2  
  176  15:38  Marine  
  172  16:07  Terran Ship Weapons Level 2  
  172  16:10  Armory  
  172  16:11  Behemoth Reactor  
  172  16:12  Banshee x2  
  178  16:55  Banshee, Battlecruiser  
  181  17:09  Refinery  
  181  17:10  Refinery  
  181  17:11  Planetary Fortress  
  181  17:13  Missile Turret  
  181  17:32  Missile Turret  
  135  17:37  Marine x3, Missile Turret  
  135  17:38  Marine x2  
  116  17:54  Marine  
  116  17:55  Marine x4  
  116  17:56  Marauder  
  104  18:12  Battlecruiser x2  
  113  18:13  Marine x3, Marauder, Viking x2  
  113  18:17  Marauder  
  114  18:34  Marauder  
  114  18:39  Marauder  
  113  18:48  SCV  
  114  18:49  Marine x3  
  114  18:51  Marine  
  120  18:55  Marauder  
  120  19:00  Marauder, SCV  
  123  19:07  Marine x3  
  123  19:09  Marine  
  120  19:12  SCV  
  123  19:17  Marauder  
  123  19:22  Marauder  
  125  19:24  SCV  
  125  19:29  Banshee  
  125  19:30  Banshee  
  132  19:31  Marine x2  
  132  19:32  Marine  
  137  19:38  Marauder  
  137  19:43  Marauder  
  139  19:52  Command Center  
  98  20:12  Banshee  
  96  20:37  Marine x2  
  96  20:38  Marine x2, Marauder x2  
  97  20:55  Marine x4  
  101  20:59  Marauder  
  101  21:00  Marauder  
  102  21:13  Marine x4  
  106  21:21  Marauder x2  
  110  21:31  Marine x4  
  114  21:35  Banshee x2  
  120  21:41  Planetary Fortress, Missile Turret  
  120  21:42  Marauder x2  
  124  21:48  Marine  
  124  21:49  Marine  
  124  21:51  SCV x3  
  124  21:52  SCV x2  
  131  22:02  Missile Turret  
  131  22:03  SCV  
  131  22:04  Marauder x2  
  136  22:15  SCV  
  137  22:16  Marine x2  
  137  22:18  Terran Infantry Weapons Level 3, Battlecruiser x2  
  137  22:21  Terran Vehicle And Ship Armor Level 1  
  151  22:27  SCV  
  152  23:00  Marine x5  
  152  23:01  Marauder  
  153  23:18  Marine x2  
  153  23:19  Marauder  
  157  23:20  Marine  
  157  23:22  Marauder  
  157  23:23  Battlecruiser x2  
  172  23:28  Refinery  
  171  23:39  Marine x3  
  171  23:40  Marauder  
  172  24:25  Marine x6  
  172  24:27  Battlecruiser x2  
  190  24:55  SCV x3  
  190  24:59  Marine  
Tags
 
Add a new tag
Caveats
  • Supply blocks, unpowered buildings, or Contaminate may cause inaccurate times.
  • Supply counts are checked every 10 seconds.